 Dungeon Crawl Stone Soup version 0.26-a0-712-ga5a9c9c9d0 (webtiles) character file.

Game seed: 7612661201938149844

(classic levelgen) 4000087 EnegeticOcto the Executioner (level 20, 174/199 HPs)
             Began as a Deep Dwarf Fighter on Nov 5, 2020.
             Was the Champion of Makhleb.
             Escaped with the Orb
             ... and 3 runes!
             The game lasted 00:17:37 (16474 turns).

EnegeticOcto the Executioner (Deep Dwarf Fighter)  Turns: 16474, Time: 00:17:37

Health: 174/199    AC: 39    Str: 30    XL:     20   Next: 36%
Magic:  0/19       EV: 13    Int: 12    God:    Makhleb [******]
Gold:   633        SH: 19    Dex: 12    Spells: 19/19 levels left

rFire    + + .     SeeInvis .   q - +8 mithril axe "Arga" {speed, MR+}
rCold    + . .     Faith    .   c - +4 kite shield
rNeg     + . .     Spirit   +   x - +2 plate armour {rF+}
rPois    +         Reflect  .   I - +2 helmet
rElec    .         Harm     .   w - +2 cloak
rCorr    .         Rampage  .   A - +3 pair of gauntlets of War {Slay+5}
MR       +++++                  O - +2 pair of boots
Stlth    ..........             t - amulet "Diephorami" {Spirit rPois rC+ Str+4}
HPRegen  0.00/turn              S - +4 ring of protection
MPRegen  0.16/turn              R - ring of protection from fire

@: non-regenerating
A: damage resistance, heal wounds, blurry vision 1, magic resistance 1, negative
energy resistance 1, sense surroundings 3, no regeneration
0: Orb of Zot
}: 3/15 runes: decaying, serpentine, abyssal
a: Heal Wounds, Minor Destruction, Lesser Servant of Makhleb, Major Destruction,
Greater Servant of Makhleb, Renounce Religion


You escaped.
You worshipped Makhleb.
Makhleb was exalted by your worship.
You visited 8 branches of the dungeon, and saw 40 of its levels.
You visited the Abyss 1 time.

You collected 2165 gold pieces.
You spent 1532 gold pieces at shops.

Inventory:

Hand Weapons
 a - a +0 war axe of flaming
 q - the +8 mithril axe "Arga" (weapon) {speed, MR+}
   (You found it on level 4 of the Dungeon)

   Attacks with this weapon are significantly faster.
   It affects your resistance to hostile enchantments.
Missiles
 k - 4 throwing nets (quivered)
Armour
 c - a +4 kite shield (worn)
 l - the +0 plate armour of Mezcal {rC- Str+3 Slay+3}
   (You found it on level 8 of the Dungeon)

   It affects your strength (+3).
   It affects your accuracy and damage with ranged weapons and melee attacks
   (+3).
   It makes you vulnerable to cold.
 w - a +2 cloak (worn)
 x - a +2 plate armour of fire resistance (worn)
 y - a +0 plate armour
 A - the +3 pair of gauntlets of War (worn) {Slay+5}
   (You found it on level 7 of the Dungeon)

   It affects your accuracy and damage with ranged weapons and melee attacks
   (+5).
 I - a +2 helmet (worn)
 O - a +2 pair of boots (worn)
Jewellery
 t - the amulet "Diephorami" (around neck) {Spirit rPois rC+ Str+4}
   (You acquired it on level 2 of the Swamp)

   [amulet of guardian spirit]

   It causes incoming damage to be split between your health and magic.
   It affects your strength (+4).
   It protects you from cold.
   It protects you from poison.
 v - the ring "Juome" {+Blink rCorr MP+9 Int+3 Dex-5}
   (You bought it in a shop on level 2 of the Orcish Mines)

   [ring of resist corrosion]

   It affects your intelligence (+3).
   It affects your dexterity (-5).
   It affects your magic capacity (+9).
   It lets you blink.
   It provides partial protection from all sources of acid and corrosion.
 F - the ring of Bariatist {Ice rPois rN+++ Int-5}
   (You bought it in a shop on level 2 of the Orcish Mines)

   [ring of ice]

   It enhances your ice magic.
   It affects your intelligence (-5).
   It makes you vulnerable to fire.
   It protects you from cold.
   It protects you from poison.
   It renders you almost immune to negative energy.
 R - a ring of protection from fire (right hand)
 S - a +4 ring of protection (left hand)
Wands
 o - a wand of polymorph (7)
 K - a wand of acid (6) {@v1}
 N - a wand of iceblast (3) {@v2}
Scrolls
 b - 9 scrolls of identify {@r1}
 e - 13 scrolls of teleportation {@r3}
 j - 16 scrolls of remove curse {@r2}
 p - 2 scrolls of holy word
 r - 4 scrolls of enchant weapon
 C - 4 scrolls of immolation {@r4}
 L - 2 scrolls of brand weapon
 M - a scroll of vulnerability
 P - a scroll of fear
Potions
 d - 4 potions of might {@q3}
 f - 2 potions of mutation
 h - 10 potions of curing {@q1}
 m - 3 potions of flight
 n - 2 potions of invisibility
 s - 4 potions of magic
 u - a potion of haste {@q4}
 z - 2 potions of cancellation
 E - 11 potions of ambrosia
 J - 4 potions of heal wounds {@q2}
Miscellaneous
 B - a tin of tremorstones (3/3)


   Skills:
 * Level 16.7 Fighting
 * Level 21.0 Axes
 + Level 15.8 Armour
 + Level 9.4 Dodging
 - Level 15.0 Shields
 + Level 17.6 Invocations


You had 19 spell levels left.
You didn't know any spells.
Your spell library was empty.

Dungeon Overview and Level Annotations

Branches:
Dungeon (15/15)            Temple (1/1) D:5            Lair (4/6) D:9
  Swamp (4/4) Lair:4        Snake (4/4) Lair:4          Orc (2/2) D:10
    Elf (0/3) Orc:2        Vaults (0/5) D:14         Depths (5/5) D:15
    Zot (5/5) Depths:5

Altars:
Ashenzari
Cheibriados
Dithmenos
Elyvilon
Fedhas
Gozag
Hepliaklqana
Kikubaaqudgha
Makhleb
Nemelex Xobeh
Okawaru
Qazlal
Ru
Sif Muna
Trog
Uskayaw
Vehumet
Wu Jian
Xom
Yredelemnul
Zin
The Shining One
Beogh

Shops:
Orc:2 **(=[   Snake:3 =*:   Snake:4 !   Depths:3 :

Portals:
Abyss: Depths:4
Ziggurat: Depths:3

Annotations:
D:9 3 runed translucent doors, kae's ghost, novice NaTm
D:12 2 transporters, EnegeticOcto's ghost, journeyman DDFi
Lair:2 exclusion: oklob plant
Snake:3 exclusion: 2 downstairs
Orc:1 1 runed translucent door, Ifottees's ghost, journeyman MiFi


Innate Abilities, Weirdness & Mutations

You are resistant to damage.
You can heal yourself by infusing magical energy.
You resist negative energy. (rN+)
You passively map a large area around you.
You do not regenerate.
Scrolls take you a little longer to read.
You are resistant to hostile enchantments. (MR+)


Message History

You see here an arrow.
You see here an arrow.
There is an open door, spattered with blood here.
You see here an arrow.
You see here a ring mail.
A sun demon comes into view.
Unknown command.
You slice the sun demon!!
The sun demon is heavily wounded.
You hit the sun demon.
The sun demon is severely wounded.
You block the sun demon's attack.
You barely miss the sun demon.
The sun demon is severely wounded.
You slice the sun demon!!
You kill the sun demon!
Makhleb accepts your kill.
No target in view!
No target in view!
No target in view!
No target in view!
No target in view!
(D) Dungeon (T) Temple (L) Lair (S) Swamp (P) Snake Pit (O) Orcish Mines (E) Elven Halls (V) Vaults (U) Depths (Z) Zot
Where to? (Enter - D:1 @ (x,y), ? - help)
There is a stone staircase leading up here.
You climb upwards.
Level annotation: 3 runed translucent doors, kae's ghost, novice NaTm
There is a stone staircase leading down here.
A reaper comes into view. It is wielding a +4 vorpal scythe.
Unknown command.
The reaper moves out of view.
A smoke demon and a pandemonium lord come into view.
The smoke demon roars!
There is a stone staircase leading up here.
You climb upwards.
There is a stone staircase leading down here.
(D) Dungeon (T) Temple (L) Lair (S) Swamp (P) Snake Pit (O) Orcish Mines (E) Elven Halls (V) Vaults (U) Depths (Z) Zot
Where to? (Enter - D:1 @ (x,y), ? - help)
There is a stone staircase leading up here.
You climb upwards.
There is a stone staircase leading down here.
There is a stone staircase leading up here.
You climb upwards.
There is a stone staircase leading down here.
A reaper comes into view.
It is wielding a +0 scythe of protection.
Unknown command.
There is a stone staircase leading up here.
You climb upwards.
There is a stone staircase leading down here.
(D) Dungeon (T) Temple (L) Lair (S) Swamp (P) Snake Pit (O) Orcish Mines (E) Elven Halls (V) Vaults (U) Depths (Z) Zot
Where to? (Enter - D:1 @ (x,y), ? - help)
There is a stone staircase leading up here.
You climb upwards.
There is a stone staircase leading down here.
A soul eater comes into view.
Unknown command.
There is a stone staircase leading up here.
The soul eater draws from the surrounding life force!
You climb upwards.
There is a stone staircase leading down here.
(D) Dungeon (T) Temple (L) Lair (S) Swamp (P) Snake Pit (O) Orcish Mines (E) Elven Halls (V) Vaults (U) Depths (Z) Zot
Where to? (Enter - D:1 @ (x,y), ? - help)
There is a stone staircase leading up here.
You climb upwards.
There is a stone staircase leading down here.
An Orb Guardian comes into view.
Unknown command.
There is a stone staircase leading up here.
You climb upwards.
A Brimstone Fiend comes into view.
There is a stone staircase leading down here.
Unknown command.
Unknown command.
The Brimstone Fiend moves out of view.
The Brimstone Fiend gestures at you.
The sphere of damnation explodes!
The damnation engulfs you!!
You hear a shout!
A smoke demon comes into view.
Your magical essence is drained by the effort!
You feel much better. The smoke demon gestures at you.
The ball of steam hits you. You resist. The smoke demon misses you.
The smoke demon hits you but does no damage. x2
The smoke demon gestures at you. Something smites you!
A demonic crawler comes into view.
There is a large open door here.
The smoke demon gestures at you.
The ball of steam hits you but does no damage.
There is a staircase leading out of the dungeon here.
You have escaped!

##.♣♣ ,, * *
♣♣#♣♣.#.##♣#♣,
#...........# ,
♣...........# * *
♣..#######..♣ *
##..#.....#..♣♣ **
,
#♣...'.§§..#...♣♣
, ,
♣.≈.3§§.§..#..#.#,
,
♣♣...#§.§@.#...♣♣
, #≈..#..§..#..♣#*
* , ##..#######..#
* * ♣.......s...#
* *
#...........♣***,
##* ♣♣♣#♣.#.#♣#♣♣*
#.., ♣1.♣# ♣#.
,,#.#* , ##..# #.#
#.# , #...#
#.#..,,#.#


There were no monsters in sight!

Vanquished Creatures
  2 pandemonium lords (Zot:4)
  2 orbs of fire
  Saint Roka (Orc:2)
  3 golden dragons
  A bone dragon (Depths:5)
  An electric golem (Zot:1)
  3 liches
  A Brimstone Fiend (Zot:4)
  7 tentacled monstrosities
  An Ice Fiend (Zot:4)
  2 titans
  3 quicksilver dragons
  2 tentacled starspawn (Abyss:2)
  Gastronok (D:9)
  2 sphinxes (Depths:3)
  2 death cobs
  3 shadow dragons
  A draconian monk (Zot:2)
  8 storm dragons
  A tengu reaver (Depths:5)
  5 nagarajas
  3 fire giants
  A daeva (Abyss:2)
  2 draconian knights
  A draconian scorcher (Zot:2)
  An iron dragon (Depths:5)
  A frost giant (Depths:5)
  A balrug (Zot:4)
  2 cacodemons
  3 draconian shifters
  2 draconian stormcallers
  2 very ugly things
  6 stone giants
  2 vampire knights
  3 green draconians
  5 black draconians
  3 white draconians
  A yellow draconian (Zot:4)
  3 purple draconians
  2 red draconians
  A blizzard demon (Abyss:2)
  A green death (Zot:4)
  6 ettins
  4 fire dragons
  4 vault guards (D:14)
  A yaktaur captain (Depths:3)
  2 monstrous demonspawn (Zot:4)
  A great orb of eyes (Depths:1)
  4 ogre magi
  14 hydras
  2 ice dragons
  5 boulder beetles
  8 naga warriors
  2 shambling mangroves (Swamp:4)
  9 centaur warriors
  2 spriggan air magi
  A death knight (D:14)
  4 alligators
  7 anacondas
  3 tengu warriors (D:14)
  10 two-headed ogres
  4 thrashing horrors (Abyss:2)
  2 deep troll shamans
  5 naga sharpshooters
  An orc high priest (Orc:2)
  A deep troll earth mage (Depths:3)
  A spriggan berserker (Depths:2)
  5 shock serpents
  A wretched star (Abyss:2)
  4 sun demons
  8 skeletal warriors
  A salamander mystic (Snake:3)
  4 sixfirhies
  3 spatial maelstroms (Abyss:2)
  A death drake (Abyss:2)
  2 spriggan druids
  5 iron trolls
  4 deep trolls
  7 unseen horrors
  A golden dragon zombie (Depths:2)
  3 orc knights (Orc:2)
  7 swamp dragons (Swamp:4)
  5 naga ritualists
  A necromancer (Depths:2)
  19 ugly things
  2 orc sorcerers (Orc:2)
  A stone giant zombie (Depths:2)
  9 mana vipers
  5 manticores
  A deep elf mage (D:15)
  6 cyclopes
  2 moths of wrath
  3 guardian serpents
  6 salamanders
  2 worldbinders (Abyss:2)
  A salamander (shapeshifter) (Depths:3)
  9 naga magi
  Joseph (D:7)
  Psyche (D:8)
  An apocalypse crab (Abyss:2)
  28 black mambas
  An iron dragon skeleton (Abyss:2)
  3 orange demons
  5 cane toads
  2 gargoyles
  2 smoke demons (Abyss:2)
  3 hellions
  2 rime drakes (Lair:4)
  4 komodo dragons
  A yaktaur (Depths:1)
  A kobold demonologist (D:15)
  A redback zombie (D:11)
  An ice devil (Abyss:2)
  2 tengu conjurers (D:14)
  A freezing wraith (D:15)
  A demonic crawler (Abyss:2)
  3 hellwings
  3 ancient zymes (Abyss:2)
  2 queen bees
  2 red devils (Zot:4)
  8 trolls
  A polar bear (shapeshifter) (Depths:3)
  A sphinx simulacrum (Depths:2)
  7 hornets
  A blink frog (Lair:2)
  2 polar bears
  11 raiju (Abyss:2)
  4 bog bodies (Swamp:4)
  7 tyrant leeches
  8 large abominations (Abyss:2)
  26 slime creatures
  5 starcursed masses (Abyss:2)
  A spriggan simulacrum (Depths:2)
  2 shadows
  2 fire bats (Abyss:4)
  3 wraiths
  27 yaks
  6 wyverns
  3 ynoxinuls (Abyss:2)
  A golden eye (shapeshifter) (D:14)
  9 basilisks
  A neqoxec (Abyss:2)
  6 chaos spawn (Abyss:4)
  11 vampire mosquitoes
  Menkaure (D:5)
  31 nagas
  2 spatial vortices (Abyss:2)
  6 insubstantial wisps (Swamp:4)
  An acid dragon (D:14)
  2 soldier ants (D:11)
  13 swamp worms
  5 hell hounds (Zot:4)
  13 water moccasins
  A floating eye (Depths:3)
  21 orc warriors
  12 swamp drakes
  2 phantoms
  6 sky beasts
  A black bear (shapeshifter) (Depths:3)
  An eye of draining (D:11)
  3 ice beasts
  6 black bears
  7 wolves (Lair:2)
  5 boggarts (Depths:3)
  10 small abominations (Abyss:2)
  9 ogres
  6 centaurs
  12 bullfrogs
  4 big kobolds
  2 wyvern zombies
  4 scorpions
  56 killer bees
  22 wights
  2 howler monkeys
  5 electric eels
  2 centaur zombies
  3 crimson imps
  2 bullfrog zombies (D:12)
  A quasit (Abyss:2)
  An iron imp (Abyss:2)
  A jelly (D:11)
  5 bullfrog skeletons
  2 gnoll shamans
  7 hounds
  10 orc priests
  14 orc wizards
  3 centaur skeletons
  3 iguanas
  Terence (D:3)
  11 worker ants
  4 hound zombies
  3 hound skeletons
  A worker ant zombie (D:6)
  16 gnolls
  11 adders
  2 howler monkey skeletons
  A river rat (Lair:2)
  A shadow imp (D:5)
  A white imp (D:8)
  An ufetubus (Abyss:2)
  An ooze (D:4)
  A worm (D:4)
  An adder skeleton (D:7)
  An adder zombie (D:9)
  3 leopard geckos
  53 orcs
  2 bats
  2 giant cockroaches
  6 hobgoblins
  6 jackals
  24 kobolds
  3 quokkas
  2 ball pythons
  9 goblins
  A leopard gecko skeleton (D:7)
  A quokka skeleton (D:10)
  A rat (D:2)
  A starspawn tentacle (Abyss:2)
1049 creatures vanquished.

Vanquished Creatures (collateral kills)
  A pandemonium lord (Zot:1)
  A lich (Abyss:4)
  5 nagarajas (Snake:4)
  3 naga warriors (Snake:4)
  An ice dragon (Abyss:4)
  4 naga sharpshooters (Snake:4)
  A skeletal warrior (D:12)
  An orc knight (Orc:2)
  A harpy (shapeshifter) (Abyss:4)
  An orc sorcerer (Orc:2)
  A black mamba (Snake:4)
  A yak (D:12)
  3 fire bats (Abyss:4)
  9 nagas (Snake:4)
  2 orc priests (Orc:2)
  2 orc wizards (Orc:2)
  3 orcs (Orc:2)
40 creatures vanquished.

Vanquished Creatures (others)
  4 fungi
  13 plants
  2 starspawn tentacles (Abyss:2)
19 creatures vanquished.

Grand Total: 1108 creatures vanquished

Notes
Turn   | Place    | Note
-------+----------+-------------------------------------------
     0 | D:1      | EnegeticOcto the Deep Dwarf Fighter began the quest for the
                  | Orb.
     0 | D:1      | Reached XP level 1. HP: 20/20 MP: 1/1
   172 | D:2      | HP: 1/20 [gnoll/+3 halberd (13)]
   178 | D:2      | Reached XP level 2. HP: 27/27 MP: 2/2
   184 | D:2      | Reached skill level 3 in Axes
   186 | D:2      | Reached XP level 3. HP: 15/34 MP: 3/3
   188 | D:2      | Found a glowing golden altar of the Shining One.
   247 | D:3      | Reached XP level 4. HP: 37/42 MP: 4/4
   279 | D:3      | Noticed Terence
   284 | D:3      | Killed Terence
   474 | D:3      | Found a shimmering altar of Xom.
   488 | D:3      | Reached skill level 4 in Axes
   488 | D:3      | Reached XP level 5. HP: 46/49 MP: 5/5
   597 | D:4      | Found the +8 mithril axe "Arga" {speed, MR+}
   887 | D:4      | Noticed a phantom
   891 | D:4      | Killed a phantom
   891 | D:4      | Reached XP level 6. HP: 45/57 MP: 6/6
   918 | D:5      | Entered Level 5 of the Dungeon
   932 | D:5      | Reached skill level 5 in Axes
   990 | D:5      | Noticed Menkaure
  1003 | D:5      | Killed Menkaure
  1051 | D:5      | Reached XP level 7. HP: 57/64 MP: 6/6
  1101 | D:5      | Reached skill level 5 in Armour
  1101 | D:5      | Reached skill level 5 in Shields
  1314 | D:5      | Found a staircase to the Ecumenical Temple.
  1324 | Temple   | Entered the Ecumenical Temple
  1541 | Temple   | Became a worshipper of Makhleb the Destroyer
  1674 | D:5      | Reached skill level 6 in Axes
  1674 | D:5      | Reached skill level 1 in Invocations
  1940 | D:6      | Reached * piety under Makhleb
  2023 | D:6      | Reached XP level 8. HP: 54/73 MP: 8/8
  2221 | D:6      | Reached skill level 7 in Axes
  2690 | D:7      | Noticed Joseph
  2693 | D:7      | Found the +3 pair of gauntlets of War {Slay+5}
  2708 | D:7      | Killed Joseph
  2708 | D:7      | Reached ** piety under Makhleb
  2708 | D:7      | Reached skill level 5 in Fighting
  2816 | D:7      | Reached skill level 8 in Axes
  2851 | D:7      | Found a sparkling altar of Nemelex Xobeh.
  2998 | D:7      | Gained mutation: You passively map the area around you.
                  | [Deep Dwarf growth]
  2998 | D:7      | Reached XP level 9. HP: 81/81 MP: 11/11
  3114 | D:7      | Found a shadowy altar of Dithmenos.
  3191 | D:8      | Noticed a two-headed ogre
  3200 | D:8      | Killed a two-headed ogre
  3200 | D:8      | Reached skill level 5 in Invocations
  3212 | D:8      | Found a bloodstained altar of Trog.
  3214 | D:8      | Found a glowing silver altar of Zin.
  3215 | D:8      | Found a hazy altar of Hepliaklqana.
  3216 | D:8      | Found a snail-covered altar of Cheibriados.
  3216 | D:8      | Found a sacrificial altar of Ru.
  3216 | D:8      | Found a white marble altar of Elyvilon.
  3222 | D:8      | Reached skill level 9 in Axes
  3365 | D:8      | Noticed Psyche
  3377 | D:8      | Noticed a two-headed ogre
  3378 | D:8      | Killed Psyche
  3384 | D:8      | Killed a two-headed ogre
  3384 | D:8      | Reached XP level 10. HP: 78/91 MP: 13/13
  3399 | D:8      | Got a slimy plate armour
  3409 | D:8      | Identified the cursed +0 plate armour of Mezcal {rC- Str+3
                  | Slay+3} (You found it on level 8 of the Dungeon)
  3448 | D:8      | Found a blossoming altar of Fedhas.
  3495 | D:8      | Reached *** piety under Makhleb
  3924 | D:9      | Reached skill level 10 in Axes
  3947 | D:9      | Found a staircase to the Lair.
  4145 | D:9      | Noticed Gastronok
  4162 | D:9      | Killed Gastronok
  4162 | D:9      | Reached skill level 11 in Axes
  4198 | D:9      | Found a runed translucent gate.
  4198 | D:9      | Found a runed translucent gate.
  4199 | D:9      | Found a runed translucent gate.
  4203 | D:9      | Noticed kae's ghost (novice NaTm)
  4384 | D:10     | Entered Level 10 of the Dungeon
  4388 | D:10     | Noticed a two-headed ogre
  4394 | D:10     | Killed a two-headed ogre
  4394 | D:10     | Reached **** piety under Makhleb
  4394 | D:10     | Reached XP level 11. HP: 100/100 MP: 14/16
  4691 | D:10     | Noticed a two-headed ogre
  4699 | D:10     | Killed a two-headed ogre
  4740 | D:10     | Found a staircase to the Orcish Mines.
  4972 | D:10     | Killed an unseen horror
  5089 | D:10     | Reached skill level 12 in Axes
  5254 | D:11     | Noticed a purple ugly thing
  5257 | D:11     | Reached ***** piety under Makhleb
  5268 | D:11     | Killed a purple ugly thing
  5336 | D:11     | You fall into a shaft and drop 1 floor!
  5337 | D:12     | Noticed a skeletal warrior
  5337 | D:12     | Noticed a skeletal warrior
  5338 | D:12     | Noticed a skeletal warrior
  5350 | D:12     | Killed a skeletal warrior
  5352 | D:12     | Killed a skeletal warrior
  5352 | D:12     | Noticed a skeletal warrior
  5356 | D:12     | Killed a skeletal warrior
  5367 | D:12     | Killed a skeletal warrior
  5508 | D:11     | Noticed a brown ugly thing
  5513 | D:11     | Reached XP level 12. HP: 110/110 MP: 18/18
  5618 | D:11     | Reached skill level 13 in Axes
  5683 | D:11     | Reached skill level 10 in Invocations
  5852 | D:11     | Reached skill level 10 in Armour
  5852 | D:11     | Reached skill level 10 in Shields
  5853 | D:11     | Noticed a boulder beetle
  5871 | D:11     | Killed a boulder beetle
  5936 | D:11     | Noticed a six-headed hydra
  5961 | D:11     | Killed a 19-headed hydra
  6076 | D:12     | Noticed a two-headed ogre
  6082 | D:12     | Killed a two-headed ogre
  6155 | D:12     | Reached ****** piety under Makhleb
  6189 | D:12     | Found a transporter.
  6206 | D:12     | Found a transporter.
  6332 | D:12     | Noticed a catoblepas
  6562 | D:12     | Noticed EnegeticOcto's ghost (journeyman DDFi)
  6683 | D:13     | Reached skill level 14 in Axes
  6686 | D:13     | Noticed a centaur warrior
  6693 | D:13     | Killed a centaur warrior
  6693 | D:13     | Reached XP level 13. HP: 120/120 MP: 19/19
  7189 | D:14     | Found a gate to the Vaults.
  7220 | D:14     | Reached skill level 10 in Fighting
  7247 | D:14     | Reached skill level 15 in Axes
  7482 | D:14     | Gained mutation: You resist negative energy. (rN+) [Deep
                  | Dwarf growth]
  7482 | D:14     | Reached XP level 14. HP: 70/133 MP: 21/21
  7654 | D:15     | Entered Level 15 of the Dungeon
  7885 | D:15     | Found a staircase to the Depths.
  8301 | Orc:1    | Entered Level 1 of the Orcish Mines
  8345 | Orc:1    | Found a runed translucent door.
  8345 | Orc:1    | Found a shimmering altar of Xom.
  8345 | Orc:1    | Noticed Ifottees's ghost (journeyman MiFi)
  8433 | Orc:2    | Entered Level 2 of the Orcish Mines
  8536 | Orc:2    | Found a staircase to the Elven Halls.
  8633 | Orc:2    | Found Tar Xeob Jeo's Assorted Antiques.
  8644 | Orc:2    | Bought a transparent glass ring for 150 gold pieces
  8644 | Orc:2    | Identified the ring "Juome" {+Blink rCorr MP+9 Int+3 Dex-5}
                  | (You bought it in a shop on level 2 of the Orcish Mines)
  8677 | Orc:2    | Noticed Saint Roka
  8687 | Orc:2    | Found a roughly hewn altar of Beogh.
  8704 | Orc:2    | Reached skill level 16 in Axes
  8715 | Orc:2    | Killed Saint Roka
  8722 | Orc:2    | Found Geapnics's Antique Weapon Boutique.
  8745 | Orc:2    | Found Ixuguoph's Jewellery Boutique.
  8783 | Orc:2    | Found Baif's General Store.
  8798 | Orc:2    | Found Meec's Antique Armour Boutique.
  8847 | Orc:2    | Bought the ring of Bariatist {Ice rPois rN+++ Int-5} for
                  | 467 gold pieces
  8981 | Lair:1   | Entered Level 1 of the Lair of Beasts
  9290 | Lair:2   | Reached XP level 15. HP: 142/142 MP: 20/20
  9442 | Lair:2   | Found the amulet of the Four Winds {rN+ MR+++ Clar}
 10757 | Lair:4   | Found a staircase to the Swamp.
 11181 | Lair:4   | Found a staircase to the Snake Pit.
 11201 | Snake:1  | Entered Level 1 of the Snake Pit
 11439 | Snake:2  | Reached skill level 17 in Axes
 11558 | Snake:3  | Found Xyes's Book Shoppe.
 11620 | Snake:4  | Entered Level 4 of the Snake Pit
 11791 | Snake:3  | Found Umeorom's Jewellery Shoppe.
 11825 | Snake:3  | Bought an uncursed ring of protection from fire for 375
                  | gold pieces
 11825 | Snake:3  | Bought a +4 ring of protection for 540 gold pieces
 11918 | Snake:3  | Noticed a nagaraja
 11920 | Snake:3  | Found Tanoh's General Store.
 11932 | Snake:3  | Killed a nagaraja
 11932 | Snake:3  | Reached XP level 16. HP: 150/154 MP: 22/22
 12006 | Snake:4  | Found Xyheirhy's Distillery.
 12393 | Snake:4  | Got a serpentine rune of Zot
 12628 | Swamp:1  | Entered Level 1 of the Swamp
 12672 | Swamp:2  | Identified a scroll of acquirement
 12673 | Swamp:2  | Acquired the amulet "Diephorami" {Spirit rPois rC+ Str+4}
 12698 | Swamp:3  | Reached skill level 18 in Axes
 12771 | Swamp:4  | Entered Level 4 of the Swamp
 12913 | Swamp:4  | Reached skill level 1 in Dodging
 12921 | Swamp:4  | Reached skill level 15 in Invocations
 12937 | Swamp:4  | Reached XP level 17. HP: 102/165 MP: 0/23
 12989 | Swamp:4  | Got a decaying rune of Zot
 13498 | Depths:1 | Entered Level 1 of the Depths
 13875 | Depths:3 | Found Fatoonaafra's Book Emporium.
 13950 | Depths:3 | Noticed a titan
 13958 | Depths:3 | Killed a titan
 13982 | Depths:3 | Found a gateway to a ziggurat.
 14078 | Depths:3 | Noticed a golden dragon
 14085 | Depths:3 | Killed a golden dragon
 14117 | Depths:4 | Noticed a titan
 14124 | Depths:4 | Reached skill level 19 in Axes
 14129 | Depths:4 | Killed a titan
 14184 | Depths:4 | Found a one-way gate to the infinite horrors of the Abyss.
 14195 | Depths:4 | Voluntarily entered the Abyss.
 14343 | Abyss:2  | Reached skill level 5 in Dodging
 14379 | Abyss:2  | Gained mutation: You passively map a large area around you.
                  | [Deep Dwarf growth]
 14379 | Abyss:2  | Reached XP level 18. HP: 176/176 MP: 0/24
 15034 | Abyss:2  | Gained mutation: Your spells are a little easier to cast,
                  | but a little less powerful. [a neqoxec]
 15105 | Abyss:4  | Noticed a lich
 15116 | Abyss:4  | Reached skill level 15 in Fighting
 15124 | Abyss:4  | Paralysed by a lich for 5 turns
 15140 | Abyss:4  | Killed a lich
 15143 | Abyss:4  | Noticed a lich
 15146 | Abyss:4  | Noticed a lich
 15151 | Abyss:4  | Killed a lich
 15155 | Abyss:4  | Got an abyssal rune of Zot
 15158 | Abyss:4  | Killed a lich
 15171 | Depths:4 | Escaped the Abyss
 15184 | Depths:5 | Entered Level 5 of the Depths
 15184 | Depths:5 | Noticed a golden dragon
 15184 | Depths:5 | Noticed a bone dragon
 15197 | Depths:5 | Killed a golden dragon
 15208 | Depths:5 | Killed a bone dragon
 15281 | Depths:5 | Found a gate to the Realm of Zot.
 15287 | Zot:1    | Entered Level 1 of the Realm of Zot
 15302 | Zot:1    | Noticed a tentacled monstrosity
 15311 | Zot:1    | Killed a tentacled monstrosity
 15343 | Zot:1    | Noticed an orb of fire
 15343 | Zot:1    | Noticed an electric golem
 15354 | Zot:1    | Killed an orb of fire
 15371 | Zot:1    | Killed an electric golem
 15405 | Zot:1    | Reached XP level 19. HP: 186/186 MP: 0/26
 15470 | Zot:2    | Noticed a golden dragon
 15473 | Zot:2    | Reached skill level 15 in Shields
 15477 | Zot:2    | Reached skill level 20 in Axes
 15487 | Zot:2    | Reached skill level 15 in Armour
 15511 | Zot:2    | Killed a golden dragon
 15546 | Zot:3    | Noticed an orb of fire
 15553 | Zot:3    | Gained mutation: Scrolls take you a little longer to read.
                  | [an orb of fire]
 15554 | Zot:3    | Gained mutation: You tend to lose your temper in combat.
                  | [an orb of fire]
 15559 | Zot:3    | Killed an orb of fire
 15598 | Zot:3    | Lost mutation: You tend to lose your temper in combat.
                  | [potion of mutation]
 15598 | Zot:3    | Lost mutation: Scrolls take you a little longer to read.
                  | [potion of mutation]
 15598 | Zot:3    | Lost mutation: Your spells are a little easier to cast, but
                  | a little less powerful. [potion of mutation]
 15598 | Zot:3    | Gained mutation: You are weak. (Str -2) [potion of
                  | mutation]
 15598 | Zot:3    | Gained mutation: You are resistant to hostile enchantments.
                  | (MR+) [potion of mutation]
 15668 | Zot:5    | Entered Level 5 of the Realm of Zot
 15744 | Zot:5    | Noticed a Killer Klown
 15744 | Zot:5    | Noticed an orb of fire
 15745 | Zot:5    | Noticed an orb of fire
 15745 | Zot:5    | Noticed an orb of fire
 15745 | Zot:5    | Noticed an orb of fire
 15745 | Zot:5    | Noticed an electric golem
 15745 | Zot:5    | Noticed an ancient lich
 15746 | Zot:5    | Lost mutation: You are weak. (Str -2) [an orb of fire]
 15748 | Zot:5    | Got the Orb of Zot
 15866 | Zot:4    | Noticed Atur Suq the pandemonium lord
 15876 | Zot:4    | Noticed Buatelue the pandemonium lord
 15884 | Zot:4    | Noticed a Brimstone Fiend
 15886 | Zot:4    | Killed Atur Suq the pandemonium lord
 15886 | Zot:4    | Reached XP level 20. HP: 76/199 MP: 0/25
 15907 | Zot:4    | Killed Buatelue the pandemonium lord
 15928 | Zot:2    | Noticed Ziurphir the pandemonium lord
 15932 | Zot:2    | Gained mutation: Scrolls take you a little longer to read.
                  | [mutagenic glow]
 15933 | Zot:2    | Paralysed by a floating eye for 4 turns
 15945 | Zot:2    | Paralysed by a floating eye for 2 turns
 15966 | Zot:1    | Killed Ziurphir the pandemonium lord
 15966 | Zot:1    | Reached skill level 21 in Axes
 16364 | D:9      | Noticed Kiraimucs the pandemonium lord
 16474 | D:$      | Escaped with the Orb!

Illustrated notes

Levels and vault maps discovered:
D:1:      saegor_arrival_under_anarchy, layout_loops_ring
D:2:      layout_rooms, nicolae_tso_carved_into_rock,
          chequers_ecumenical_altar_grove
D:3:      layout_loops_cross, led_xom_imps, uniq_terence
D:4:      layout_rooms
D:5:      corexii_shantytown, layout_basic, temple_hall, uniq_menkaure
D:6:      layout_cave_pods
D:7:      layout_cave_pools, nicolae_overflow_crystal_walls, basic_altar,
          uniq_joseph
D:8:      layout_gridville, grunt_temple_overflow_open, fedhas_altar_3,
          uniq_psyche
D:9:      layout_big_octagon, david_lair_generic, ebering_ghost_rock_garden,
          uniq_gastronok
D:10:     minmay_thinvault, layout_irregular_city, orc_0_dummy
D:11:     layout_rooms, special_room [special_room_bee], grunt_ministairs_2,
          kennysheep_small_circle
D:12:     layout_irregular_city, gammafunk_ghost_berserking_beasts
D:13:     layout_rooms
D:14:     layout_rooms, lightli_vaults_fourway_checkpoint
D:15:     hangedman_depths_entry_civil_slaughter, layout_rooms,
          corexii_leaking_fountain, minmay_misc_feat_secret_circle,
          feat_on_display
Temple:   nicolae_temple_figure_eight
Lair:1:   layout_concentric_octagons, portal_ice_cave_demonic_guard
Lair:2:   regret_index_bee_streams, layout_gridlike, infiniplex_staircase_pool,
          minmay_lair_oklob_chamber
Lair:3:   layout_cave_pods, minivault_25
Lair:4:   layout_small_grid, minmay_swamp_entry_worms,
          minmay_snake_entry_guardpost_large, grunt_megastairs_1,
          serial_bayou_shore_a, lemuel_fruit_tree
Swamp:1:  layout_basic_swamp, evilmike_swamp_ruin_house_4, uniq_aizul
Swamp:2:  layout_falls_marsh, evilmike_swamp_ruin_house_3
Swamp:3:  layout_falls_marsh, evilmike_swamp_ruin_rubble_2, uniq_bai_suzhen
Swamp:4:  swamp, layout_basic_swamp, infiniplex_staircase_pool_2
Snake:1:  layout_onion_interference, st_stairs_10
Snake:2:  layout_onion_interference
Snake:3:  layout_onion_interference, serial_shops,
          nicolae_shop_competitors_out_of_business, shop,
          nicolae_shop_waterfront, nrook_loot_triangle, grunt_ministairs_14,
          hangedman_snake_pattern, hangedman_venom_bottle
Snake:4:  grunt_snake_rune_spirals, layout_concentric_octagons, special_room,
          serial_shops, shop
Orc:1:    layout_caves, ebering_ghost_xom
Orc:2:    grunt_orc_cross, layout_diamond_mine, serial_shops, shop
Depths:1: layout_cave_pools, rand_demon_pan_entry_8, abyss_entry, hell_entry,
          minmay_misc_feat_room, nrook_mini_vaults, st_stairs_9, nrook_uturn,
          lightli_fourway_metalbox
Depths:2: grunt_runaround [grunt_runaround_doors_1, grunt_runaround_doors_2,
          grunt_runaround_doors_3, grunt_runaround_doors_4,
          grunt_runaround_loot], hell_entry
Depths:3: minmay_mutant_horseshoe, layout_cave_pools, enter_ziggurat_a,
          dk_noncrumbling_2, serial_shops, shop, grunt_hell_entry_dis_mu,
          grunt_pan_entry_in_and_out
Depths:4: minmay_containers, layout_small_grid, nicolae_two_hexagons,
          abyss_entry, hangedman_geh_valley, st_stairs_5
Depths:5: evilmike_zot_entry_basic, layout_cave_pools, grunt_mini_vestibule,
          mu_enter_wizlab_1, kennysheep_pointless_box
Zot:1:    layout_gridlike, st_grand_hoard_of_tiamat, grunt_megastairs_3
Zot:2:    layout_misc_corridors
Zot:3:    layout_gridlike
Zot:4:    layout_gridlike, gammafunk_ghost_arena
Zot:5:    layout_cellular_growth

Skill      XL: |  1  2  3  4  5  6  7  8  9 10 11 12 13 14 15 16 17 18 19 20 |
---------------+-------------------------------------------------------------+-----
Axes           | 3 4 5 6 8 9 11 12 14 15 16 17 18 19 20 21 | 21.0
Fighting       | 3 4 5 6 7 8 10 11 12 13 14 15 16 | 16.7
Armour         | 4 5 6 7 8 9 10 11 12 13 14 15 | 15.8
Shields        | 4 5 6 7 8 9 10 11 12 13 14 15 | 15.0
Invocations    | 2 4 6 8 9 11 12 13 14 15 16 17 | 17.6
Dodging        | 1 5 7 8 9 |  9.4

Action                   |  1- 3 |  4- 6 |  7- 9 | 10-12 | 13-15 | 16-18 | 19-21 || total
-------------------------+-------+-------+-------+-------+-------+-------+-------++-------
Melee: War axe           |    30 |    44 |       |       |       |       |       ||    74
       Broad axe         |       |    30 |   199 |   481 |   964 |  1076 |   379 ||  3129
Invok: Lesser Servant of |       |       |       |     4 |     3 |     1 |       ||     8
       Greater Servant o |       |       |       |       |     1 |     7 |     3 ||    11
 Abil: Heal Wounds       |     5 |     5 |     3 |     4 |     5 |     8 |    21 ||    51
Evoke: Tin of tremorston |       |       |       |       |       |     3 |       ||     3
       Wand              |       |       |       |       |       |     2 |       ||     2
  Use: Scroll            |       |       |    15 |    15 |     7 |     6 |    10 ||    53
       Potion            |       |       |       |       |       |     2 |     7 ||     9
 Stab: Distracted        |       |       |       |     2 |       |     7 |       ||     9
       Confused          |       |       |       |       |     1 |     2 |       ||     3
       Paralysed         |       |       |       |       |       |     1 |       ||     1
       Invisible         |       |       |       |       |       |       |    10 ||    10
Armor: Scale mail        |    24 |    31 |     4 |       |       |       |       ||    59
       Chain mail        |       |       |    46 |       |       |       |       ||    46
       Plate armour      |       |       |    25 |   267 |   337 |   544 |   258 ||  1431
Dodge: Dodged            |    16 |    18 |    22 |    80 |   144 |   214 |   163 ||   657
Block: Kite shield       |    25 |    34 |    85 |   261 |   485 |   640 |   328 ||  1858

Table legend: (Time is in decaauts)
 A = Elapsed time spent in this place.
 B = Non-inter-level travel time spent in this place.
 C = Inter-level travel time spent in this place.
 D = Time resting spent in this place.
 E = Time spent auto-exploring this place.
 F = Levels seen in this place.
 G = Mean time per level.
                   A        B        C        D        E       F      G
               +--------+--------+--------+--------+--------+-----+--------+
         Total |  15254 |  13333 |   1921 |      7 |   8943 |  44 |  346.7 |
       Dungeon |   8149 |   7249 |    900 |      0 |   5223 |  15 |  543.3 |
        Temple |    256 |    186 |     70 |      0 |    184 |   1 |  256.0 |
          Lair |   2266 |   2070 |    196 |      0 |   1806 |   4 |  566.5 |
         Swamp |    605 |    495 |    110 |      0 |    235 |   4 |  151.2 |
     Snake Pit |   1200 |    953 |    247 |      0 |    485 |   4 |  300.0 |
  Orcish Mines |    599 |    485 |    114 |      0 |    295 |   2 |  299.5 |
        Depths |    759 |    606 |    153 |      0 |    207 |   5 |  151.8 |
           Zot |    574 |    444 |    130 |      7 |     63 |   5 |  114.8 |
         Abyss |    841 |    841 |      0 |      0 |    444 |   4 |  210.2 |
               +--------+--------+--------+--------+--------+-----+--------+

Top non-repeatable levels by time:
    D:10: 980 daAuts
  Lair:2: 775 daAuts
    D:12: 764 daAuts
     D:5: 763 daAuts
     D:6: 761 daAuts
 Abyss:2: 753 daAuts
  Lair:3: 747 daAuts
     D:8: 712 daAuts
    D:11: 637 daAuts
  Lair:4: 600 daAuts
     D:9: 573 daAuts
 Snake:4: 513 daAuts
    D:15: 499 daAuts
    D:14: 493 daAuts
     D:7: 471 daAuts
